 Dungeon Crawl Stone Soup version 0.25.1-2-g60ff931df9 (webtiles) character file.

Game seed: 15720477077109092278

85 snilloc10 the Slinger (level 4, 0/29 HPs)
             Began as a Halfling Hunter on Dec 10, 2020.
             Slain by an adder (3 damage)
             ... on level 2 of the Dungeon.
             The game lasted 00:06:28 (1608 turns).

snilloc10 the Slinger (Halfling Hunter)             Turns: 1608, Time: 00:06:29

Health: 0/29       AC:  3    Str: 13    XL:     4   Next: 75%
Magic:  4/4        EV: 14    Int:  9    God:
Gold:   68         SH:  0    Dex: 15    Spells: 3/3 levels left

rFire    . . .     SeeInvis .   a - +1 hunting sling {blokier}
rCold    . . .     Gourm    .   (shield restricted)
rNeg     . . .     Faith    .   c - +0 leather armour
rPois    .         Spirit   .   (no helmet)
rElec    .         Reflect  .   (no cloak)
rCorr    .         Harm     .   (no gloves)
MR       .....                  (no boots)
Stlth    ++........             (no amulet)
HPRegen  0.09/turn              (no ring)
MPRegen  0.09/turn              (no ring)

@: no status effects
A: small, mutation resistance 1
a: no special abilities


You were on level 2 of the Dungeon.
You were not hungry.

You visited 1 branch of the dungeon, and saw 2 of its levels.

You collected 68 gold pieces.

Inventory:

Hand Weapons
 a - a +1 hunting sling (weapon) {blokier}
 b - a +0 short sword
Missiles
 h - 35 stones (quivered)
Armour
 c - a +0 leather armour (worn)
Scrolls
 j - a scroll of amnesia {unknown}
 k - a scroll of enchant armour {unknown}
 n - a scroll of noise {unknown}
Potions
 e - 2 potions of invisibility {unknown}
 i - a potion of haste {unknown}
 l - a potion of degeneration {unknown}
 m - a potion of cancellation {unknown}
Comestibles
 f - 2 rations
 g - 5 chunks of flesh


   Skills:
 - Level 1.7 Fighting
 + Level 8.4 Slings
 - Level 2.1 Dodging
 - Level 1.1 Stealth


You had 3 spell levels left.
You didn't know any spells.
Your spell library was empty.

Dungeon Overview and Level Annotations

Branches:
Dungeon (2/15)

Altars:

Annotations:
D:2 Natasha


Innate Abilities, Weirdness & Mutations

You are small and have problems with some larger weapons.
You are somewhat resistant to further mutation.


Message History

Press: ? - help, Shift-Dir - straight line, f - jackal
Aim: a jackal (heavily wounded)
You shoot a stone. The stone barely misses the jackal.
The adder barely misses you. Natasha claws you!
* * * LOW HITPOINT WARNING * * *
The jackal misses you.
Firing (i - inventory)
h - 36 stones (quivered)
Press: ? - help, Shift-Dir - straight line, f/p - jackal
Aim: a jackal (heavily wounded)
You shoot a stone.
The stone hits the jackal but does no damage.
The jackal is heavily wounded.
The adder misses you. Natasha misses you. The jackal closely misses you.
Really attack while wielding your +1 hunting sling {blokier}?
You clumsily bash the jackal but do no damage.
The jackal is heavily wounded.
The adder barely misses you. The jackal bites you.
* * * LOW HITPOINT WARNING * * *
The white imp misses you. The adder bites you.
You die...

.....<... ##+#..##..
#...(...... ......# ..
#......... ......+
#.......$ ......#
....... ......##..
..... ......##.. .5.
......##.# ####h#+###
.......#.# #...@....#
.......#.# #..Sh5...#
.......#.# #........#
.......#.# #........#
.......#'####........#
................(....#
...###.......###+###.#
.............# ##..##.
.............# .(.....


You could see Natasha, a crimson imp (summoned), an adder, a white imp
(summoned) and a jackal.

Vanquished Creatures
  A gnoll (D:1)
  An adder (D:1)
  An ooze (D:1)
  3 dart slugs
  2 leopard geckos
  4 bats (D:2)
  2 giant cockroaches (D:1)
  5 goblins
  6 hobgoblins
  11 jackals
  2 kobolds (D:1)
  A quokka (D:2)
  A frilled lizard (D:1)
  9 rats
49 creatures vanquished.

Notes
Turn   | Place    | Note
-------+----------+-------------------------------------------
     0 | D:1      | snilloc10 the Halfling Hunter began the quest for the Orb.
     0 | D:1      | Reached XP level 1. HP: 14/14 MP: 1/1
    51 | D:1      | Reached skill level 6 in Slings
   111 | D:1      | Reached XP level 2. HP: 19/19 MP: 2/2
   250 | D:1      | Reached skill level 7 in Slings
   250 | D:1      | Reached XP level 3. HP: 22/24 MP: 3/3
   746 | D:1      | Reached XP level 4. HP: 29/29 MP: 4/4
   980 | D:2      | Noticed Natasha
   989 | D:1      | Reached skill level 8 in Slings
  1608 | D:2      | Slain by an adder

Illustrated notes

Levels and vault maps discovered:
D:1:      lightli_molten_gateway, layout_loops_corners, minmay_pentomino_r2
D:2:      layout_basic, grunt_qazlal_sundering, lemuel_crystal_altar,
          ashenzari_altar_1, first_ration, serial_bayou_pond_b, uniq_natasha

Skill      XL: |  1  2  3  4 |
---------------+-------------+-----
Slings         | 6 7 8 |  8.4
Fighting       | |  1.7
Dodging        | |  2.1
Stealth        | |  1.1

Action                   |  1- 3 |  4- 6 || total
-------------------------+-------+-------++-------
Melee: Hunting sling     |       |     1 ||     1
 Fire: Hunting sling     |    60 |    71 ||   131
  Eat: Chunk             |       |     2 ||     2
Armor: Leather armour    |     2 |     6 ||     8
Dodge: Dodged            |     5 |    23 ||    28
